Map: Lost and Found LE

Players

Swatopluke - Winner!

  • Race: Protoss Protoss
  • League: Platinum
  • Spawn Location: 7:00

Pintiboy

  • Race: Zerg Zerg
  • League: Platinum
  • Spawn Location: 1:00

VOD

Have the link to the VOD?

Description

Time

  • Played on: Nov. 12, 2018, 1:16 p.m.
  • Length: 5:05
Show
View Real Time Build Order
Export as new Build Order

Swatopluke Protoss - Winner!

Build Orders: 1 Gate Expand 

Get SALT Encoding   

  12  0:00  Probe  
  13  0:12  Probe  
  14  0:23  Pylon  
  14  0:25  Probe  
  15  0:41  Probe  
  15  0:42  Gateway  
  16  0:49  Probe  
  16  0:50  Assimilator  
  17  0:57  Probe  
  18  1:07  Probe  
  19  1:19  Probe  
  20  1:28  Nexus  
  20  1:37  Cybernetics Core  
  20  1:43  Probe  
  20  1:46  Pylon  
  21  1:55  Probe  
  22  2:02  Assimilator  
  22  2:06  Adept  
  22  2:08  Probe  
  25  2:16  Shield Battery  
  24  2:23  Shield Battery  
  24  2:25  Pylon  
  24  2:33  Shield Battery  
  24  2:40  Pylon  
  24  2:45  Probe  
  24  2:46  Probe  
  24  2:50  Warp Gate  
  26  2:58  Gateway  
  26  3:10  Pylon  
  26  3:11  Probe  
  27  3:20  Robotics Facility  
  27  3:29  Probe  
  28  3:35  Pylon  
  28  3:36  Adept  
  30  3:53  Probe x2  
  30  3:54  Shield Battery  
  32  3:56  Immortal  
  32  4:05  Probe  
  32  4:06  Probe  
  36  4:14  Shield Battery  
  34  4:24  Shield Battery  
  34  4:25  Stalker  
  36  4:33  Probe, Pylon  
Show
View Real Time Build Order
Export as new Build Order

Pintiboy Zerg 

Build Orders: Pool First 

Get SALT Encoding   

  12  0:01  Drone  
  13  0:13  Overlord  
  13  0:17  Drone  
  14  0:34  Spawning Pool  
  13  0:37  Drone  
  13  0:42  Drone  
  15  0:45  Drone  
  16  0:55  Drone  
  17  1:03  Extractor  
  16  1:05  Drone  
  17  1:22  Zergling x2  
  17  1:23  Zergling x2  
  19  1:34  Hatchery  
  19  1:35  Zergling x2  
  19  1:41  Queen  
  19  1:43  Zergling x2  
  22  1:56  Overlord  
  22  2:12  Hatchery  
  21  2:24  Zergling x2  
  20  2:47  Drone, Queen  
  22  3:06  Drone, Spine Crawler  
  21  3:17  Drone  
  22  3:21  Spine Crawler  
  22  3:22  Queen  
  22  3:23  Drone  
  24  3:33  Drone x2  
  26  3:37  Drone  
  25  3:58  Spine Crawler  
  24  4:07  Spine Crawler  
  23  4:15  Zergling x6  
  26  4:30  Zergling x2  
  27  4:37  Extractor  
Tags
 
Add a new tag
Caveats
  • Supply blocks, unpowered buildings, or Contaminate may cause inaccurate times.
  • Supply counts are checked every 10 seconds.